 Dungeon Crawl Stone Soup version 0.18-a0-846-g91b95b1 (webtiles) character file.

151 JokEr the Poker (level 5, 0/44 HPs)
             Began as a Merfolk Fighter on Dec 20, 2015.
             Slain by an orc priest
             ... wielding a +0 trident
              (2 damage)
             ... on level 3 of the Dungeon.
             The game lasted 00:05:45 (2158 turns).

JokEr the Poker (Merfolk Fighter)                   Turns: 2158, Time: 00:05:46

Health: 0/44       AC:  6    Str: 18    XL:     5   Next: 33%
Magic:  5/5        EV:  7    Int:  7    God:
Gold:   157        SH:  9    Dex: 13    Spells: 0 memorised, 4 levels left

rFire  . . .     SeeInvis .     a - +0 trident
rCold  . . .     Gourm    .     b - +0 scale mail
rNeg   . . .     Faith    .     c - +0 shield
rPois  .         Spirit   .     (no helmet)
rElec  .         Dismiss  .     (no cloak)
rCorr  .         Reflect  .     (no gloves)
SustAt .         Harm     .     (no boots)
MR     .....                    (no amulet)
Stlth  ..........               (no ring)
                                (no ring)

@: not resistant to hostile enchantments, extremely unstealthy
A: change form in water, swift swim
a: no special abilities


You were on level 3 of the Dungeon.
You were not hungry.

You visited 1 branch of the dungeon, and saw 3 of its levels.

You collected 157 gold pieces.

Inventory:

Hand Weapons
 a - a +0 trident (weapon)
Armour
 b - a +0 scale mail (worn)
 c - a +0 shield (worn)
Jewellery
 d - an uncursed ring of fire {unknown}
Scrolls
 e - a scroll of fear {unknown}
 g - 5 scrolls of remove curse
Potions
 h - a potion of curing {unknown}
Comestibles
 f - 2 bread rations
 i - a beef jerky
 k - 3 fruits


   Skills:
 + Level 5.3 Fighting
 + Level 5.4 Polearms
 - Level 2.1 Armour
 - Level 3.0 Shields


You had 4 spell levels left.
You didn't know any spells.

Dungeon Overview and Level Annotations

Branches:
Dungeon (3/15)

Altars:
Elyvilon


Message History

The orc wizard mumbles some strange words.
The orc wizard blinks!
The orc priest calls upon Beogh to heal the orc.
The orc's wounds heal themselves!
You barely miss the orc.
The orc priest hits you from afar with a trident.
* * * LOW HITPOINT WARNING * * *
The orc hits you but does no damage.
You closely miss the orc wizard.
The orc wizard is heavily wounded.
The orc wizard barely misses you.
The orc priest hits you but does no damage.
The orc hits you with a whip.
* * * LOW HITPOINT WARNING * * *
You hit the orc wizard.
The orc wizard is severely wounded.
The orc wizard hits you with a dagger.
* * * LOW HITPOINT WARNING * * *
The orc priest hits you from afar with a trident.
You die...

##### ####.....# .....
.........+ ####. ........#
#......# #...... ..o.
#o############ #@o..........#
# ############.# # ..
..........# ###.####
#.#############..## . ......#
.......(.........#
.###.##.######..........8...#
......#......'.......).8.8..#
#..........###.......)8†_.8.#
#..........# #.........8.8..#


You could see an orc priest, an orc wizard and an orc.

Vanquished Creatures
  An orc priest (D:3)
  An orc wizard (D:3)
  An adder (D:3)
  2 oozes (D:2)
  2 giant geckos
  6 orcs (D:3)
  2 bats
  8 goblins
  7 hobgoblins
  8 jackals
  7 kobolds
  A quokka (D:2)
  A ball python (D:3)
  4 giant cockroaches (D:2)
  4 giant newts
  11 rats
66 creatures vanquished.

Notes
Turn   | Place    | Note
--------------------------------------------------------------
     0 | D:1      | JokEr the Merfolk Fighter began the quest for the Orb.
     0 | D:1      | Reached XP level 1. HP: 18/18 MP: 1/1
    12 | D:1      | Found a white marble altar of Elyvilon.
    26 | D:1      | Reached XP level 2. HP: 17/24 MP: 2/2
   407 | D:1      | Reached skill level 4 in Fighting
   435 | D:1      | Reached XP level 3. HP: 30/30 MP: 3/3
  1421 | D:2      | Reached XP level 4. HP: 15/38 MP: 4/4
  1698 | D:3      | Reached skill level 5 in Fighting
  1707 | D:3      | Reached skill level 5 in Polearms
  1707 | D:3      | Reached XP level 5. HP: 25/44 MP: 5/5
  2093 | D:3      | Found a faded altar to an unknown god.
  2158 | D:3      | HP: 2/44 [orc wizard/dagger (2)]
  2158 | D:3      | Slain by an orc priest

Vault maps used:
D:1:      sevenhm_arrival_forest_fort_small_6
D:3:      makhleb_altar_promises_db, gup_sewer_entry_bubbles,
          ecumenical_altar_2, uniq_crazy_yiuf_cottage

Action                   |  1- 3 |  4- 6 || total
-------------------------+-------+-------++-------
Melee: Trident           |   128 |   107 ||   235
  Use: Scroll            |     4 |       ||     4
       Potion            |       |     3 ||     3
  Eat: Chunk             |     2 |     2 ||     4
